 Dungeon Crawl Stone Soup version 0.32-a0-13-gbaedc5810e (webtiles) character file.

Game seed: 15976639491565097156

7206 Ivernyr the Cruncher (level 11, -1/87 HPs)
             Began as a Formicid Fighter on Jan 15, 2024.
             Was a Priest of Wu Jian.
             Slain by a troll (5 damage)
             ... on level 9 of the Dungeon.
             The game lasted 00:19:42 (7489 turns).

Ivernyr the Cruncher (Formicid Fighter)             Turns: 7489, Time: 00:19:43

Health: -1/87      AC: 13    Str: 30    XL:     11   Next: 32%
Magic:  11/11      EV: 10    Int:  7    God:    Wu Jian [***...]
Gold:   398        SH:  6    Dex: 13    Spells: 10/10 levels left

rFire   . . .        a - +0 quarterstaff
rCold   . . .        c - +0 buckler
rNeg    . . .        b - +0 scale mail of Wutoam {Rampage Str+4}
rPois   .            (helmet unavailable)
rElec   .            B - +0 cloak
rCorr   .            r - +1 pair of gloves
SInv    +            g - +0 pair of boots
Will    +....        n - amulet of regeneration Stlth
                     (no ring)
HPRegen 1.14/turn    (no ring)
MPRegen 0.12/turn

%: rampage
@: lethally poisoned (-1 -> -3)
A: permanent stasis, dig shafts and tunnels, antennae 3, four strong arms
a: Dig, Shaft Self, Renounce Religion, Wall Jump, Serpent's Lash


You were on level 9 of the Dungeon.
You worshipped Wu Jian.
Wu Jian was most pleased with you.
You visited 2 branches of the dungeon, and saw 10 of its levels.
You also visited: Ossuary.

You collected 398 gold pieces.

Inventory:

Hand Weapons
 a - a +0 quarterstaff (weapon)
Missiles
 v - a throwing net
Armour
 b - the +0 scale mail of Wutoam (worn) {Rampage Str+4}
   (You found it on level 4 of the Dungeon)

   Str+4:     It affects your strength (+4).
   Rampage:   It bestows one free step when moving towards enemies.
 c - a +0 buckler (worn)
 g - a +0 pair of boots (worn)
 r - a +1 pair of gloves (worn)
 B - a +0 cloak (worn)
Jewellery
 n - an amulet of regeneration (around neck)
Wands
 q - a wand of flame (16)
 y - a wand of mindburst (8)
 D - a wand of polymorph (13)
Scrolls
 d - a scroll of enchant armour {unknown}
 h - 7 scrolls of identify {unknown}
 j - a scroll of noise {unknown}
 k - 2 scrolls of revelation {unknown}
 o - a scroll of amnesia {unknown}
 s - 4 scrolls of teleportation {unknown}
 u - 5 scrolls of fog {unknown}
 w - a scroll of silence {unknown}
 C - a scroll of poison {unknown}
 G - a scroll of brand weapon {unknown}
Potions
 e - 4 potions of curing {unknown}
 f - 3 potions of enlightenment {unknown}
 i - 3 potions of lignification {unknown}
 l - 2 potions of degeneration {unknown}
 m - 2 potions of attraction {unknown}
 p - 4 potions of ambrosia {unknown}
 t - a potion of brilliance {unknown}
 x - a potion of heal wounds {unknown}
 z - a potion of mutation {unknown}
 A - 2 potions of berserk rage {unknown}
 F - a potion of magic {unknown}
Miscellaneous
 E - a phantom mirror


   Skills:
 + Level 8.9 Fighting
 * Level 10.9 Staves
 + Level 8.9 Armour
 + Level 10.6 Shields


You had 10 spell levels left.
You didn't know any spells.
Your spell library contained the following spells:

 Spells                   Type           Power      Damage    Failure   Level
 Apportation              Tloc           0%         N/A       67%         1
 Necrotise                Necr           0%         1d4       67%         1
 Sting                    Conj/Alch      0%         1d3       67%         1
 Summon Small Mammal      Summ           0%         N/A       67%         1
 Scorch                   Fire           0%         2d5       82%         2
 Flame Wave               Conj/Fire      0%         2d4       100%        4
 Summon Cactus Giant      Summ           0%         N/A       100%        6


Dungeon Overview and Level Annotations

Branches:
Dungeon (9/15)             Temple (1/1) D:4             Orc (0/2) D:9
Ossuary (visited)
   Lair: D:8-11

Altars:
Ashenzari
Cheibriados
Dithmenos
Elyvilon
Fedhas
Gozag
Hepliaklqana
Kikubaaqudgha
Makhleb
Nemelex Xobeh
Okawaru
Ru
Sif Muna
Trog
Uskayaw
Vehumet
Wu Jian
Xom
Yredelemnul
Zin
The Shining One

Shops:
D:5 (

Annotations:
D:6 2 transporters, hitsuchi's ghost, novice TeAE


Innate Abilities, Weirdness & Mutations

You cannot be hasted, slowed, berserked, paralysed or teleported.
You can dig through walls and to a lower floor.
You have a pair of large antennae on your head. (SInv)
Your four strong arms can wield two-handed weapons with a shield.


Message History

You feel very sick.
You hit the gnoll sergeant.
You kill the gnoll sergeant!
The Council accepts your kill.
You feel sick.
The gnoll sergeant hits you from afar with a +1 spear of venom.
You are more poisoned.
You feel very sick.
You sock the orc!
You kill the orc!
The Council accepts your kill.
You feel sick.
You feel very sick.
Items here: )) [[ †.
You sock the troll!
The troll is lightly wounded.
You feel sick. The troll bites you! The troll closely misses you.
You block the troll's attack. You block the gnoll sergeant's attack.
You sock the troll!
The troll is moderately wounded.
You feel sick.
You feel sick.
You thump the troll!
The troll is severely wounded.
You feel sick. The troll bites you. The troll claws you. The troll claws you!
You feel sick. The troll attacks as it pursues you! The troll bites you!
* * * LOW HITPOINT WARNING * * *
You block the troll's attack. The troll claws you but does no damage.
You feel sick. The troll bites you but does no damage. The troll claws you!
* * * LOW HITPOINT WARNING * * *
The troll barely misses you.
You begin to dig a shaft.
You continue digging a shaft.
You feel sick.
The gnoll sergeant hits you from afar with a +1 spear of venom.
* * * LOW HITPOINT WARNING * * *
You are more poisoned.
The troll bites you.
* * * LOW HITPOINT WARNING * * *
The troll claws you but does no damage. The troll claws you.
You die...

...######..........#
#########
.......##..........#
##########
.......##..........#
..........
'###################
.......... ........
#############+####+###..
........ #....).........
. #)) ......#.
#.......#######.... +..
........
#.......Tgg........ #.)
........
#......@###{###.... #..
........ ######..#


{{{8 ####+##.. ........ #..#{{{{{#......... ........ #..#.{{..#........#
........ #..#g..o.#........# ###..... #..#8...8#........# ........
#..#######......... ### ####+######.......# ######### ................. #....'
You could see a troll and 2 gnoll sergeants.

Vanquished Creatures
  4 two-headed ogres
  Pikel (D:7)
  Maggie (D:7)
  Psyche (D:8)
  Prince Ribbit (D:6)
  Sigmund (D:4)
  A wraith (D:9)
  A steam dragon (D:7)
  An acid dragon (D:7)
  A sky beast (D:8)
  3 orc warriors
  An ogre (D:5)
  A black bear (D:6)
  2 boggarts (D:8)
  2 centaurs
  5 bullfrogs
  3 kobold brigands
  2 lemures (D:7)
  An elf zombie (Ossuary)
  A gnoll sergeant (D:9)
  A scorpion (D:6)
  3 wights (D:7)
  9 killer bees
  A howler monkey (D:9)
  A centaur zombie (Ossuary)
  3 bombardier beetles
  2 hounds
  3 jellies
  2 human zombies (Ossuary)
  4 orc priests
  6 iguanas
  2 sleepcaps
  Terence (D:2)
  3 hound zombies (Ossuary)
  2 mummies (Ossuary)
  4 gnolls
  7 adders
  2 white imps
  3 adder zombies (Ossuary)
  4 dart slugs
  23 orcs
  3 ball pythons
  7 endoplasms
  7 giant cockroaches
  5 gnoll zombies (Ossuary)
  7 hobgoblins
  2 jackals (D:5)
  14 kobolds
  2 quokkas
  A bat (D:2)
  5 frilled lizards
  6 goblins
  6 jackal zombies (Ossuary)
  9 kobold zombies (Ossuary)
  7 orc zombies (Ossuary)
  3 rats
204 creatures vanquished.

Notes
Turn   | Place    | Note
-------+----------+-------------------------------------------
     0 | D:1      | Ivernyr the Formicid Fighter began the quest for the Orb.
     0 | D:1      | Reached XP level 1. HP: 18/18 MP: 1/1
   258 | D:1      | Reached XP level 2. HP: 24/24 MP: 2/2
   654 | D:1      | Reached XP level 3. HP: 29/29 MP: 3/3
  1218 | D:1      | Reached XP level 4. HP: 6/37 MP: 4/4
  1502 | D:2      | Noticed Terence
  1514 | D:2      | Killed Terence
  1515 | D:2      | Reached XP level 5. HP: 11/42 MP: 5/5
  2210 | D:3      | Found a shimmering blue altar of Sif Muna.
  2311 | D:4      | Found a staircase to the Ecumenical Temple.
  2324 | Temple   | Entered the Ecumenical Temple
  2360 | D:4      | Reached skill level 5 in Shields
  2510 | D:4      | Identified the +0 scale mail of Wutoam {Rampage Str+4}
  2549 | D:4      | Reached XP level 6. HP: 48/48 MP: 6/6
  2850 | D:4      | Noticed Sigmund
  2860 | D:4      | Killed Sigmund
  2861 | D:4      | Reached XP level 7. HP: 49/55 MP: 7/7
  2887 | D:4      | Found an ornate altar of the Wu Jian Council.
  3001 | D:4      | Became a worshipper of the Wu Jian Council
  3316 | D:4      | Reached skill level 5 in Staves
  3607 | D:5      | Entered Level 5 of the Dungeon
  3744 | D:5      | Reached skill level 5 in Fighting
  3744 | D:5      | Reached skill level 5 in Armour
  3806 | D:5      | Reached * piety under Wu Jian
  3855 | D:5      | Found Wuizitewk's Firing Range.
  3896 | D:5      | Reached XP level 8. HP: 50/62 MP: 8/8
  4307 | D:6      | Noticed Prince Ribbit
  4330 | D:6      | Killed Prince Ribbit
  4496 | D:6      | Found a transporter.
  4497 | D:6      | Found a transporter.
  4497 | D:6      | Noticed hitsuchi's ghost (novice TeAE)
  4579 | D:6      | Found an iron altar of Okawaru.
  4588 | D:6      | Found a sand-covered staircase.
  4597 | Ossuary  | Entered an ossuary
  4743 | Ossuary  | Reached ** piety under Wu Jian
  4750 | Ossuary  | Reached XP level 9. HP: 69/69 MP: 9/9
  4942 | D:6      | Found a burning altar of Makhleb.
  4944 | D:6      | Found a blossoming altar of Fedhas.
  4946 | D:6      | Found a hazy altar of Hepliaklqana.
  5469 | D:7      | Noticed Maggie
  5502 | D:7      | Killed Maggie
  5781 | D:7      | Noticed Pikel
  5818 | D:7      | Killed Pikel
  5819 | D:7      | Reached XP level 10. HP: 64/79 MP: 10/10
  6065 | D:8      | Noticed a two-headed ogre
  6072 | D:8      | Killed a two-headed ogre
  6118 | D:8      | Noticed Psyche
  6121 | D:8      | Reached *** piety under Wu Jian
  6122 | D:8      | Noticed a two-headed ogre
  6191 | D:7      | Killed a two-headed ogre
  6250 | D:8      | Killed Psyche
  6428 | D:8      | Reached skill level 10 in Staves
  6639 | D:8      | Noticed a two-headed ogre
  6639 | D:8      | Noticed a two-headed ogre
  6660 | D:8      | Killed a two-headed ogre
  6661 | D:8      | Reached skill level 10 in Shields
  6661 | D:8      | Reached XP level 11. HP: 39/87 MP: 11/11
  6666 | D:8      | Killed a two-headed ogre
  6893 | D:8      | Identified the +1 dagger of the Poles {flame, rElec rPois
                  | rF+}
  7377 | D:9      | Found a glowing golden altar of the Shining One.
  7452 | D:9      | Found a staircase to the Orcish Mines.
  7489 | D:9      | HP: 4/87 [troll (3)]
  7489 | D:9      | Slain by a troll

Illustrated notes

Levels and vault maps discovered:
D:1:      ebering_trefoil_3fold, layout_loops_corners
D:2:      layout_basic, uniq_terence
D:3:      layout_rooms, general_overflow_altar
D:4:      kb_forest_paths, layout_basic, nicolae_wu_jian_immortal_techniques,
          minmay_temple_entry_glass, uniq_sigmund
D:5:      layout_loops_ring, nicolae_shop_firing_range
D:6:      nicolae_BIG_FREAKIN_CUBE, layout_rooms, grunt_temple_overflow_open,
          mainiacjoe_ossuary_entry_dusty_tomb, gammafunk_ghost_smash,
          eino_tiny_chamber, uniq_prince_ribbit1
D:7:      layout_loops_ring, uniq_maggie, uniq_pikel
D:8:      layout_loops_ring, minmay_misc_feat_secret_circle,
          nicolae_phantomly_mirrored, uniq_psyche
D:9:      layout_stronghold, mainiacjoe_overflow_alcove_4, kennysheep_mini_moat,
          david_lair_shrubbed, kennysheep_orc_monster_closet_entryway,
          grunt_decor_arrowhead
Temple:   minmay_temple_curvy_branch

Skill      XL: |  1  2  3  4  5  6  7  8  9 10 |
---------------+-------------------------------+-----
Staves         | 3 4 5 6 8 10 | 10.9
Fighting       | 4 5 6 7 8 |  8.9
Armour         | 4 5 6 7 8 |  8.9
Shields        | 5 6 7 8 10 | 10.6

Action                     |  1- 3 |  4- 6 |  7- 9 | 10-12 || total
---------------------------+-------+-------+-------+-------++-------
  Melee: Quarterstaff      |    80 |   124 |   431 |   219 ||   854
         Unarmed           |       |       |       |     3 ||     3
 Invoke: Serpent's Lash    |       |       |       |     1 ||     1
Ability: Lunge             |       |       |    26 |    17 ||    43
         Whirlwind         |       |       |    54 |     8 ||    62
         Shaft Self        |       |       |       |     1 ||     1
    Use: Potion            |       |       |       |     2 ||     2
 Armour: Scale mail        |    52 |    71 |   269 |   151 ||   543
         Skin              |       |       |       |     3 ||     3
  Dodge: Dodged            |    27 |    53 |   172 |    56 ||   308
  Block: Buckler           |    20 |    45 |   110 |    36 ||   211

Table legend: (Time is in decaauts)
 A = Elapsed time spent in this place.
 B = Non-inter-level travel time spent in this place.
 C = Inter-level travel time spent in this place.
 D = Time resting spent in this place.
 E = Time spent auto-exploring this place.
 F = Levels seen in this place.
 G = Mean time per level.
                   A        B        C        D        E       F      G
               +--------+--------+--------+--------+--------+-----+--------+
         Total |   7469 |   7235 |    234 |    877 |   4568 |  11 |  679.0 |
       Dungeon |   7163 |   6929 |    234 |    877 |   4466 |   9 |  795.9 |
        Temple |     26 |     26 |      0 |      0 |      0 |   1 |   26.0 |
       Ossuary |    278 |    278 |      0 |      0 |    102 |   1 |  278.0 |
               +--------+--------+--------+--------+--------+-----+--------+

Top non-repeatable levels by time:
     D:4: 1294 daAuts
     D:1: 1126 daAuts
     D:8: 996 daAuts
     D:7: 895 daAuts
     D:2: 704 daAuts
     D:5: 638 daAuts
     D:6: 550 daAuts
     D:3: 492 daAuts
     D:9: 464 daAuts
 Ossuary: 278 daAuts
  Temple: 26 daAuts
